 Dungeon Crawl Stone Soup version 0.32-a0-913-g739538afd8 (webtiles) character file.

Game seed: 14307788060946116710

3565 Biggs the Grappler (level 10, -5/66 HPs)
             Began as an Octopode Shapeshifter on Apr 8, 2024.
             Killed from afar by a steam dragon (8 damage)
             ... with a ball of steam
             ... on level 8 of the Dungeon.
             The game lasted 00:17:05 (6974 turns).

Biggs the Grappler (Octopode Shapeshifter)          Turns: 6974, Time: 00:17:05

Health: -5/66      AC:  1    Str: 25    XL:     10   Next: 9%
Magic:  10/10      EV: 16    Int: 12    God:
Gold:   453        SH:  0    Dex: 11    Spells: 9/9 levels left

rFire   . .          .
                       - Unarmed
rCold   . . .        (shield currently unavailable)
rNeg    . . .        (helmet restricted)
rPois   +            (no amulet)
rElec   .            k - +6 ring of strength
rCorr   +            w - ring of resist corrosion
SInv    .            z - ring of poison resistance
Will    .....        (no ring)
Stlth   +            (no ring)
HPRegen 0.31/turn    (no ring)
MPRegen 0.12/turn    (no ring)
                     (no ring)

%: no passive effects
@: flux-form, glowing
A: glow, contaminating, almost no armour, amphibious, 8 rings, camouflage 1,
gelatinous body 1, (nimble swimmer 1), tentacles
a: Begin Untransformation


You were on level 8 of the Dungeon.
You were something dangerously unstable.
You visited 2 branches of the dungeon, and saw 9 of its levels.

You collected 453 gold pieces.

Inventory:

Missiles
 x - a throwing net (quivered)
Jewellery
 k - a +6 ring of strength (left tentacle)
 w - a ring of resist corrosion (right tentacle)
 z - a ring of poison resistance (on tentacle)
Talismans
 b - a beast talisman
 c - a flux talisman (active)
 n - a serpent talisman
 B - a blade talisman
Scrolls
 d - 2 scrolls of blinking
 f - a scroll of fear
 g - a scroll of torment
 h - a scroll of identify
 i - 2 scrolls of enchant weapon
 j - 2 scrolls of noise
 l - a scroll of fog {unknown}
 t - a scroll of teleportation {unknown}
 v - 2 scrolls of silence {unknown}
 y - a scroll of acquirement {unknown}
 A - a scroll of revelation {unknown}
Potions
 a - a potion of lignification
 e - 3 potions of curing {unknown}
 m - a potion of haste {unknown}
 o - a potion of experience {unknown}
 p - a potion of enlightenment {unknown}
 q - a potion of berserk rage {unknown}
 r - a potion of magic {unknown}
 s - a potion of cancellation {unknown}
 u - a potion of mutation {unknown}


   Skills:
 - Level 5.0 Fighting
 - Level 2.0 Dodging
 - Level 10.2 Unarmed Combat
 + Level 8.8 Shapeshifting


You had 9 spell levels left.
You didn't know any spells.
Your spell library contained the following spells:

 Spells                   Type           Power      Damage    Failure   Level
 Apportation              Tloc           0%         N/A       32%         1
 Magic Dart               Conj           0%         1d3       32%         1
 Necrotise                Necr           0%         1d4       32%         1
 Sting                    Conj/Alch      0%         1d3       32%         1
 Summon Small Mammal      Summ           0%         N/A       32%         1
 Searing Ray              Conj           0%         2d4       45%         2
 Static Discharge         Conj/Air       0%         3-3/arc   45%         2
 Airstrike                Air            0%         2d(0-16)  97%         4
 Fulminant Prism          Conj/Alch      0%         3d5       97%         4
 Summon Lightning Spire   Summ/Air       0%         N/A       97%         4
 Alistair's Intoxication  Alch           0%         N/A       100%        5
 Borgnjor's Vile Clutch   Necr/Erth      0%         N/A       100%        5
 Eringya's Noxious Bog    Alch           0%         4d6       100%        6


Dungeon Overview and Level Annotations

Branches:
Dungeon (8/15)             Temple (1/1) D:4
   Lair: D:8-11

Altars:
Cheibriados
Dithmenos
Elyvilon
Fedhas
Gozag
Hepliaklqana
Kikubaaqudgha
Makhleb
Nemelex Xobeh
Okawaru
Qazlal
Ru
Sif Muna
Trog
Uskayaw
Vehumet
Yredelemnul
Zin
The Shining One

Shops:
D:3 (   D:6 [

Annotations:
D:3 1 runed translucent door, Crazy Yiuf
D:6 1 runed translucent door


Innate Abilities, Weirdness & Mutations

You are something dangerously unstable.
You glow with magical radiation, making you easy to see and hit.
Foes you strike become dangerously contaminated with magical radiation.
You are incapable of wielding weapons or throwing items.
You cannot wear most types of armour.
You are amphibious.
You can wear up to eight rings at the same time.
Your skin changes colour to match your surroundings (Stealth+).
Your rubbery body absorbs attacks. (AC +1, EV +1)
((You are camouflaged when in or above water. (Stealth+)))
You have tentacles for arms and can constrict up to eight enemies at once.


Message History

The steam dragon breathes steam at you. The ball of steam hits you!!
You hear an angry hiss.
You hear a shout! x3
You are engulfed in a cloud of scalding steam.
The steam dragon barely misses you. The steam dragon misses you.
You see here a black bear corpse.
You tentacle-slap the steam dragon but do no damage.
The steam dragon begins to glow.
Your squeeze misses the steam dragon.
You are engulfed in a cloud of scalding steam.
The steam dragon misses you. The steam dragon claws you.
You tentacle-slap the steam dragon.
The steam dragon glows dangerously bright.
The steam dragon is lightly wounded.
You are engulfed in a cloud of scalding steam.
You tentacle-slap the steam dragon.
The steam dragon shudders as magic cascades through it!!
The steam dragon twists and deforms.
The steam dragon is almost dead.
You are engulfed in a cloud of scalding steam.
* * * LOW HITPOINT WARNING * * *
An orc comes into view. It is wielding a +0 whip.
The steam dragon closely misses you. The steam dragon misses you.
You tentacle-slap the steam dragon.
The steam dragon begins to glow.
The steam dragon is almost dead.
The steam dragon breathes steam at you. The ball of steam hits you!!
* * * LOW HITPOINT WARNING * * *
You hear an angry hiss.
You hear a shout!
Unknown command.
Unknown command.
Okay, then.
Blink to where?
Press: ? - help, Dir - move target
As you read the scroll of blinking, it crumbles to dust.
Okay, then.
Okay, then.
There is a stone staircase leading up here.
The steam dragon breathes steam at you. The ball of steam hits you!
You die...

##..... .#### .......##...
#...o.. ......###.....# .....
....... ..###.........##.....
#...... .....###............?.
#...... ##............Y#......###
#......########........#.......Y#
#.....§§# #...)[....#........
#§## #..#...............
#§§######§p.†)##...........
########.....§§.#................
...........D§...................Y
.##.......................##.....
#####...............######.....
#.####.......####.# #...... #.#
..#######... #.# #...... #.# #..
..# #. #...... #.# ### ###
#.....<


You could see an elephant (wandering).

Vanquished Creatures
  Maggie (D:6)
  Prince Ribbit (D:5)
  A yak (D:8)
  2 water moccasins
  Duvessa (D:5)
  Pargi (D:4)
  An ice beast (D:7)
  2 sky beasts
  4 black bears
  3 ogres
  4 centaurs
  Blork the orc (D:4)
  4 scorpions (D:6)
  3 bullfrogs
  Dowan (D:5)
  2 hounds (D:5)
  A jelly (D:4)
  3 orc priests
  A gnoll bouda (D:5)
  4 iguanas
  5 orc wizards
  A sleepcap (D:5)
  16 gnolls
  8 adders
  2 ufetubi (D:6)
  A dart slug (D:1)
  2 ribbon worms
  29 orcs
  7 endoplasms
  6 giant cockroaches
  4 goblins
  5 hobgoblins
  5 jackals
  4 quokkas
  5 ball pythons
  5 bats
  3 frilled lizards
  2 goblin zombies (D:6)
  6 kobolds
  A rat (D:1)
158 creatures vanquished.

Notes
Turn   | Place    | Note
-------+----------+-------------------------------------------
     0 | D:1      | Biggs the Octopode Shapeshifter began the quest for the
                  | Orb.
     0 | D:1      | Reached XP level 1. HP: 13/13 MP: 1/1
     2 | D:1      | Noticed a barachi
     2 | D:1      | Noticed an elf
     6 | D:1      | Noticed a human
     6 | D:1      | Noticed a gargoyle
     8 | D:1      | Noticed a draconian
     8 | D:1      | Noticed a troll
    10 | D:1      | Noticed a demigod
    10 | D:1      | Noticed an armataur
    12 | D:1      | Noticed an oni
    14 | D:1      | Noticed a demonspawn
    14 | D:1      | Noticed a formicid
    16 | D:1      | Noticed a felid
    18 | D:1      | Noticed a vampire
    18 | D:1      | Noticed a minotaur
    20 | D:1      | Noticed a vine stalker
    20 | D:1      | Noticed a djinni
    22 | D:1      | Noticed a ghoul
    22 | D:1      | Noticed a naga
    24 | D:1      | Noticed an octopode
    24 | D:1      | Noticed a spriggan
    26 | D:1      | Noticed a dwarf
    26 | D:1      | Noticed a merfolk
    28 | D:1      | Noticed a tengu
   194 | D:1      | Reached XP level 2. HP: 13/18 MP: 2/2
   802 | D:2      | Reached XP level 3. HP: 21/23 MP: 3/3
  1061 | D:2      | Reached XP level 4. HP: 28/28 MP: 4/4
  1169 | D:3      | Found a faded altar of an unknown god.
  1368 | D:3      | Reached skill level 5 in Shapeshifting
  1807 | D:3      | Found a runed translucent door.
  1808 | D:3      | Noticed Crazy Yiuf
  1939 | D:3      | Found Sepampott's Antique Weapon Shop.
  2101 | D:4      | Found a staircase to the Ecumenical Temple.
  2110 | Temple   | Entered the Ecumenical Temple
  2146 | D:4      | Reached XP level 5. HP: 33/33 MP: 5/5
  2194 | D:4      | Found a shadowy altar of Dithmenos.
  2212 | D:4      | Noticed Pargi
  2351 | D:4      | Noticed a water moccasin
  2357 | D:4      | Killed a water moccasin
  2358 | D:4      | Reached XP level 6. HP: 9/38 MP: 6/6
  2588 | D:5      | Entered Level 5 of the Dungeon
  2652 | D:5      | Noticed a water moccasin
  2660 | D:5      | Killed a water moccasin
  2769 | D:5      | Noticed Prince Ribbit
  2867 | D:5      | Noticed a black bear
  2957 | D:4      | You fall into a shaft and drop 2 floors!
  3020 | D:6      | Reached XP level 7. HP: 43/43 MP: 7/7
  3031 | D:6      | Reached skill level 4 in Unarmed Combat
  3037 | D:6      | Noticed Maggie
  3050 | D:6      | Reached skill level 5 in Unarmed Combat
  3059 | D:6      | Killed Maggie
  3060 | D:6      | Reached skill level 6 in Unarmed Combat
  3060 | D:6      | Reached XP level 8. HP: 28/48 MP: 8/8
  3285 | D:5      | Reached skill level 7 in Unarmed Combat
  3334 | D:5      | Found a bloodstained altar of Trog.
  3819 | D:5      | Reached skill level 8 in Unarmed Combat
  3863 | D:5      | Noticed Dowan
  4005 | D:5      | Found a stormy altar of Qazlal.
  4194 | D:4      | Killed Pargi
  4295 | D:4      | Noticed Blork the orc
  4301 | D:4      | Killed Blork the orc
  4302 | D:4      | Reached skill level 9 in Unarmed Combat
  4463 | D:4      | Noticed a yak
  4497 | D:4      | Reached XP level 9. HP: 36/53 MP: 9/9
  4695 | D:5      | Noticed Duvessa
  4700 | D:5      | Killed Duvessa
  4702 | D:5      | Killed Dowan
  4803 | D:5      | Killed Prince Ribbit
  4804 | D:5      | Reached skill level 10 in Unarmed Combat
  5232 | D:6      | Found Siarrox's Armour Boutique.
  5375 | D:6      | Found a runed translucent door.
  5380 | D:6      | Found a basalt altar of Yredelemnul.
  5800 | D:7      | Identified the +8 dagger of Gozag's Anger {heavy, rF-
                  | Dex+5}
  5868 | D:7      | Reached skill level 5 in Fighting
  6290 | D:7      | Found a glowing golden altar of the Shining One.
  6636 | D:7      | Found a shimmering blue altar of Sif Muna.
  6734 | D:8      | Noticed an elephant
  6748 | D:8      | Reached XP level 10. HP: 53/66 MP: 10/10
  6968 | D:8      | HP: 1/66 [steam dragon/ball of steam (18)]
  6974 | D:8      | Killed from afar by a steam dragon

Illustrated notes

Levels and vault maps discovered:
D:1:      kb_arrival_jail, layout_loops_ring, kennysheep_flooded_box,
          minmay_pentomino_x2
D:2:      layout_rooms, minmay_misc_feat_more_columns
D:3:      layout_basic, basic_ecumenical_altar, serial_shops,
          nicolae_shop_just_a_little_nook, minmay_door_square,
          interstate_on_off, nicolae_half_adder, uniq_crazy_yiuf_cottage
D:4:      minmay_chambers_of_fours, layout_basic,
          nicolae_dithmenos_shadow_blocks, minmay_temple_entry_crystal_x,
          uniq_blork_the_orc, uniq_pargi
D:5:      layout_gridville, mainiacjoe_overflow_alcove_1,
          trog_three_pillars_becter, uniq_duvessa, uniq_prince_ribbit1
D:6:      layout_loops_ring, dk_yredelemnul_ordeal, serial_shops, shop,
          minmay_circle_x, uniq_maggie
D:7:      layout_loops_ring, mainiacjoe_overflow_cross_hatched,
          lemuel_blue_sif_altar
D:8:      minmay_ornate_pinched, layout_rooms, grunt_lair_entry_orc_guard_hut,
          serial_shops, shop, minmay_lizard_king
Temple:   nicolae_temple_bog_church

Skill      XL: |  1  2  3  4  5  6  7  8  9 |
---------------+----------------------------+-----
Shapeshifting  | 4 5 6 7 8 |  8.8
Unarmed Combat | 6 9 10 | 10.2
Fighting       | 5 |  5.0
Dodging        | |  2.0

Action                     |  1- 3 |  4- 6 |  7- 9 | 10-12 || total
---------------------------+-------+-------+-------+-------++-------
  Melee: Unarmed           |    60 |    64 |   239 |    16 ||   379
         Constrict         |    14 |    19 |    60 |     3 ||    96
         Tentacles         |    10 |     9 |    71 |     3 ||    93
         Punch             |       |     2 |       |       ||     2
    Use: Scroll            |       |     1 |     6 |     2 ||     9
         Potion            |       |       |     2 |       ||     2
   Stab: Sleeping          |     3 |     3 |     1 |       ||     7
 Armour: Skin              |    27 |    27 |   110 |    16 ||   180
  Dodge: Dodged            |    39 |    26 |   215 |    12 ||   292
   Form: Flux              |       |     1 |       |       ||     1

Table legend: (Time is in decaauts)
 A = Elapsed time spent in this place.
 B = Non-inter-level travel time spent in this place.
 C = Inter-level travel time spent in this place.
 D = Time resting spent in this place.
 E = Time spent auto-exploring this place.
 F = Levels seen in this place.
 G = Mean time per level.
                   A        B        C        D        E       F      G
               +--------+--------+--------+--------+--------+-----+--------+
         Total |   6929 |   6735 |    194 |    956 |   4349 |   9 |  769.9 |
       Dungeon |   6928 |   6734 |    194 |    956 |   4349 |   8 |  866.0 |
        Temple |      1 |      1 |      0 |      0 |      0 |   1 |    1.0 |
               +--------+--------+--------+--------+--------+-----+--------+

Top non-repeatable levels by time:
     D:5: 1412 daAuts
     D:4: 1175 daAuts
     D:7: 1092 daAuts
     D:6: 1067 daAuts
     D:3: 976 daAuts
     D:1: 763 daAuts
     D:2: 339 daAuts
     D:8: 100 daAuts
  Temple: 1 daAuts
